AoeStats
← Tenamaxtli

Lombardia

509259004Analyzed
4v4 RM · 5d ago on Sep 26, 2026· 39m 17s· 8 players
Game mode
Random Map
Map size
Large (8 player)
Population
200
Speed
Normal
Resources
Standard
Victory
Conquest
Starting age
Dark Age
Ending age
Imperial Age
RankedLock teamsTeams togetherTeam positionsShared explorationLock speedFull tech treeHidden civsTurbo modeCheats
Victory
Defeat
🇲🇽 Saxons · Mexico
1240
+10
🇲🇽 Ethiopians · Mexico
1177
+12
🇲🇽 Khmer · Mexico
1065
+16
🇲🇽 Jurchens · Mexico
1050
+17
🇳🇿 Varangians · New Zealand
1120
-15
🇳🇿 Ethiopians · New Zealand
1090
-14
🇺🇸 Bengalis · United States
1074
-13
🇨🇳 Persians · China
1058
-13
zhuge2021
6:45 Loom
8:56 Feudal Age
9:36 Double-Bit Axe
16:31 Castle Age
16:09 Bloodlines
17:00 Scale Barding Armor
17:50 Bow Saw
19:22 Horse Collar
25:31 Stone Mining
25:35 Gold Mining
26:53 Wheelbarrow
28:34 Kamandaran
28:25 Pikeman
29:44 Scale Mail Armor
29:56 Forging
30:17 Squires
31:50 Hand Cart
32:15 Gold Shaft Mining
32:35 Crossbowman
33:21 Thumb Ring
37:34 Imperial Age
36:08 Caravan
Sean
3:38 Loom
11:37 Feudal Age
11:58 Horse Collar
12:07 Double-Bit Axe
18:01 Castle Age
18:48 Scale Mail Armor
22:32 Wheelbarrow
22:53 Bow Saw
27:01 Pikeman
28:19 Heavy Plow
Chenghiskhan911
1:39 Loom
10:43 Feudal Age
16:55 Castle Age
15:02 Double-Bit Axe
18:31 Fletching
18:42 Padded Archer Armor
19:02 Gold Mining
25:37 Horse Collar
26:29 Paiks
31:53 Imperial Age
29:58 Bodkin Arrow
30:53 Leather Archer Armor
30:54 Bow Saw
31:17 Caravan
32:43 Wheelbarrow
32:50 Elite Elephant Archer
33:01 Pikeman
35:09 Forging
35:00 Scale Mail Armor
35:41 Hand Cart
36:16 Bracer
37:20 Gold Shaft Mining
38:08 Ring Archer Armor
38:59 Ballistics
Big_D_4891
10:26 Feudal Age
8:44 Loom
11:19 Double-Bit Axe
13:38 Horse Collar
15:32 Fletching
18:13 Castle Age
17:37 Gold Mining
20:14 Wheelbarrow
19:02 Crossbowman
19:41 Bodkin Arrow
19:41 Stone Mining
24:14 Hand Cart
24:10 Town Watch
25:55 Town Patrol
26:57 Padded Archer Armor
28:44 Leather Archer Armor
29:05 Scale Mail Armor
30:27 Thumb Ring
31:16 Bow Saw
34:58 Imperial Age
34:27 Elite Skirmisher
36:04 Conscription
35:30 Arbalester
36:16 Bracer
36:46 Ring Archer Armor
37:10 Ballistics
36:56 Siege Engineers
37:58 Gold Shaft Mining
lord_hect
6:35 Loom
10:11 Feudal Age
11:57 Double-Bit Axe
12:27 Horse Collar
17:24 Scale Barding Armor
19:52 Wheelbarrow
22:39 Castle Age
21:41 Forging
22:49 Gold Mining
24:31 Bloodlines
24:23 Husbandry
31:02 Hand Cart
33:59 Siege Engineers
35:26 Gold Shaft Mining
34:42 Stone Mining
42:12 Imperial Age
Tiiiian
10:48 Feudal Age
12:09 Double-Bit Axe
14:41 Castle Age
12:44 Horse Collar
15:57 Bow Saw
20:43 Wheelbarrow
19:55 Loom
21:38 Heavy Plow
21:34 Gold Mining
22:30 Stone Mining
23:45 Gold Shaft Mining
22:59 Town Watch
24:53 Fletching
24:45 Crossbowman
27:57 Imperial Age
26:58 Hand Cart
27:24 Gold Shaft Mining
26:49 Bodkin Arrow
28:06 Thumb Ring
28:38 Padded Archer Armor
29:00 Bracer
30:05 Chemistry
28:29 Arbalester
29:39 Leather Archer Armor
30:46 Ballistics
31:24 Ring Archer Armor
35:08 Siege Engineers
35:06 Torsion Engines
35:27 Conscription
39:57 Two-Man Saw
Tenamaxtli
8:43 Loom
10:29 Feudal Age
16:44 Castle Age
14:50 Double-Bit Axe
14:47 Horse Collar
15:18 Arson
17:41 Wheelbarrow
17:31 Gambesons
17:46 Squires
23:23 Heavy Plow
26:18 Hand Cart
28:39 Scale Mail Armor
28:51 Forging
29:39 Chain Mail Armor
34:26 Imperial Age
33:11 Iron Casting
32:05 Man-at-Arms
33:43 Long Swordsman
34:26 Two-Handed Swordsman
35:42 Plate Mail Armor
35:11 Elite Hearth Troop
36:11 Conscription
36:17 Conscription
35:24 Champion
35:33 Capped Ram
36:24 Siege Ram
Carlos
13:12 Feudal Age
14:01 Double-Bit Axe
13:59 Horse Collar
18:21 Wheelbarrow
20:50 Castle Age
20:56 Scale Barding Armor
21:02 Forging
21:49 Husbandry
22:00 Bloodlines
21:11 Light Cavalry
23:25 Bow Saw
24:42 Gold Mining
25:43 Loom
27:51 Iron Casting
29:44 Stone Mining
30:30 Gold Shaft Mining
30:18 Hand Cart
31:20 Stone Shaft Mining
31:30 Chain Barding Armor
37:41 Ballistics
37:49 Ballistics
40:24 Imperial Age
39:19 Murder Holes
39:18 Fletching
39:30 Padded Archer Armor
Connection lost

Rejoining the realm…

Still unreachable

The connection could not be restored.

Session expired

The server has moved on; the page needs a fresh start.